 Dungeon Crawl Stone Soup version 0.19-a0-1170-g18f0c96 (webtiles) character file.

5693 st0uf the Destroyer (level 10, -3/78 HPs)
             Began as a Yellow Draconian Conjurer on Aug 16, 2016.
             Was a Priest of Vehumet.
             Slain by a hill giant
             ... wielding a +0 giant spiked club
              (43 damage)
             ... on level 10 of the Dungeon.
             The game lasted 01:19:58 (10813 turns).

st0uf the Destroyer (Yellow Draconian Conjurer)    Turns: 10813, Time: 01:19:59

Health: -3/78      AC:  8    Str: 11    XL:     10   Next: 47%
Magic:  17/21      EV: 17    Int: 18    God:    Vehumet [***...]
Gold:   379        SH:  0    Dex: 16    Spells: 5 memorised, 13 levels left

rFire  . . .     SeeInvis .     u - +5 scythe of Dutwuw {venom, rN+ MR+ Int-4 Dex+2}
rCold  . . .     Gourm    .     (armour unavailable)
rNeg   + . .     Faith    .     (shield currently unavailable)
rPois  .         Spirit   .     (helmet restricted)
rElec  .         Dismiss  .     C - +0 cloak
rCorr  +         Reflect  .     (no gloves)
MR     +....     Harm     .     (no boots)
Stlth  +.........               (no amulet)
                                j - +4 ring of intelligence
                                y - +2 ring of dexterity

@: confused
A: spit acid, acid resistance, unfitting armour, cold-blooded, AC +7
a: Spit Acid, Renounce Religion


You were on level 10 of the Dungeon.
You worshipped Vehumet.
Vehumet was most pleased with you.
You were not hungry.

You visited 2 branches of the dungeon, and saw 11 of its levels.

You collected 435 gold pieces.
You spent 56 gold pieces at shops.

Inventory:

Hand Weapons
 u - the +5 scythe of Dutwuw (weapon) {venom, rN+ MR+ Int-4 Dex+2}
   (You found it on level 4 of the Dungeon)

   It poisons the flesh of those it strikes.
   It affects your intelligence (-4).
   It affects your dexterity (+2).
   It protects you from negative energy.
   It affects your resistance to hostile enchantments.
 D - a +0 giant club
 K - a +0 lajatang
Armour
 C - a +0 cloak (worn)
Jewellery
 g - an uncursed ring of see invisible
 j - a +4 ring of intelligence (right hand)
 y - a +2 ring of dexterity (left hand)
 E - an uncursed ring of flight
Wands
 B - a wand of digging (15/24)
 F - a wand of lightning (10/15)
 H - a wand of acid (6/15)
 L - a wand of random effects (37/48)
Scrolls
 c - 8 scrolls of teleportation
 d - a scroll of blinking {unknown}
 h - 6 scrolls of remove curse {unknown}
 i - 2 scrolls of fear {unknown}
 m - 3 scrolls of enchant armour {unknown}
 n - 14 scrolls of identify
 q - 2 scrolls of amnesia {unknown}
 v - 2 scrolls of immolation {unknown}
 G - a scroll of fog {unknown}
 I - a scroll of enchant weapon {unknown}
Potions
 e - a potion of cure mutation
 l - a potion of magic {unknown}
 o - 2 potions of berserk rage {unknown}
 p - 2 potions of heal wounds {unknown}
 r - 4 potions of might {unknown}
 s - 2 potions of lignification {unknown}
 z - a potion of ambrosia {unknown}
 A - a potion of resistance {unknown}
 J - 3 potions of curing
Books
 a - a book of Conjurations

   Spells                             Type                      Level
   a - Magic Dart                     Conjuration                  1
   b - Searing Ray                    Conjuration                  2
   c - Dazzling Spray                 Conjuration/Hexes            3
   d - Fulminant Prism                Conjuration/Hexes            4
   e - Iskenderun's Mystic Blast      Conjuration                  4
   f - Iskenderun's Battlesphere      Conjuration/Charms           5
 w - a book of Clouds

   Spells                             Type                      Level
   a - Mephitic Cloud                 Conjuration/Poison/Air       3
   b - Conjure Flame                  Conjuration/Fire             3
   c - Poisonous Cloud                Conjuration/Poison/Air       6
   d - Freezing Cloud                 Conjuration/Ice/Air          6
   e - Ring of Flames                 Charms/Fire                  7
Miscellaneous
 t - a lamp of fire
Comestibles
 b - 8 bread rations
 f - 11 slices of pizza
 k - 2 beef jerkies
 x - 4 meat rations
 M - 3 chunks of flesh


   Skills:
 + Level 4.1 Fighting
 + Level 4.3 Polearms
 + Level 7.0 Dodging
 + Level 4.3 Stealth
 + Level 7.5 Spellcasting
 + Level 9.0 Conjurations
 + Level 3.2 Fire Magic
 + Level 1.1 Air Magic
 + Level 0.8 Poison Magic


You had 13 spell levels left.
You knew the following spells:

 Your Spells              Type           Power        Failure   Level  Hunger
a - Magic Dart            Conj           ####         1%          1    None
b - Searing Ray           Conj           #####.       1%          2    None
c - Iskenderun's Mystic   Conj           #####...     1%          4    ###....
d - Flame Tongue          Conj/Fire      ####.        1%          1    None
e - Mephitic Cloud        Conj/Pois/Air  ###.....     2%          3    #......


Dungeon Overview and Level Annotations

Branches:
Dungeon (10/15)            Temple (1/1) D:5
   Lair: D:8-11         Orc: D:9-12

Altars:
Ashenzari
Cheibriados
Dithmenos
Elyvilon
Fedhas
Gozag
Hepliaklqana
Kikubaaqudgha
Makhleb
Nemelex Xobeh
Okawaru
Pakellas
Qazlal
Ru
Sif Muna
Trog
Uskayaw
Vehumet
Xom
Yredelemnul
Zin
The Shining One
Lugonu

Shops:
D:9 (*=(

Annotations:
D:4 2 runed doors


Innate Abilities, Weirdness & Mutations

You can spit globs of acid.
You are resistant to acid.
Your golden yellow scales are hard. (AC +7)
Your body does not fit into most forms of armour.
You are cold-blooded and may be slowed by cold attacks.


Message History

You bump into the rock wall.
You are engulfed in noxious fumes.
The orc misses you.
The hill giant is engulfed in noxious fumes.
The hill giant appears confused.
Unknown command.
You hit the orc.
The orc is poisoned.
The orc is almost dead.
You are engulfed in noxious fumes.
You choke on the stench!
You are more confused.
You kill the orc!
Vehumet accepts your kill.
You feel your power returning.
The hill giant is engulfed in noxious fumes.
The hill giant closely misses you.
The hill giant is engulfed in noxious fumes.
The hill giant appears confused.
You're too confused to move!
The hill giant hits you with a giant spiked club!!!
Ouch! That really hurt!
You die...

###### #####....#
...#.##.#
...#######.#.##.#
...'.§C@)....##.#
...#######.####.#
...# #.# #####
#.# #.# ### #.#
#<# #.# #.# #.#
#.# #.# #.#


You could see a hill giant (confused).

Vanquished Creatures
  Nergalle (D:10)
  Pikel (D:7)
  A centaur zombie (D:9)
  Eustachio (D:4)
  A human (D:9)
  A hippogriff (D:9)
  A hungry ghost (D:8)
  Menkaure (D:7)
  A black bear (D:7)
  6 ice beasts
  An orc warrior (D:8)
  4 ogres
  2 phantoms
  4 centaurs
  2 big kobolds
  4 giant frogs
  4 scorpions
  5 crimson imps
  A quasit (D:5)
  3 giant frog zombies
  A giant frog skeleton (D:5)
  2 hounds
  2 jellies
  7 orc priests
  A gnoll shaman (D:9)
  5 orc wizards
  Crazy Yiuf (D:7)
  A centaur skeleton (D:4)
  3 iguanas
  7 worker ants
  3 worker ant zombies
  Robin (D:4)
  8 gnolls
  2 howler monkey skeletons (D:8)
  17 adders
  4 shadow imps
  An adder skeleton (D:4)
  3 worms
  3 dart slugs
  5 giant geckos
  31 orcs
  6 ball pythons
  8 giant cockroaches
  8 hobgoblins
  3 jackals (D:3)
  5 quokkas
  7 bats
  A giant gecko skeleton (D:5)
  7 giant newts
  13 goblins
  15 kobolds
  A quokka skeleton (D:7)
  A quokka zombie (D:6)
  6 rats
234 creatures vanquished.

Vanquished Creatures (others)
  3 slaves (D:7)
  An orc wizard (D:8)
  A worker ant (D:7)
5 creatures vanquished.

Grand Total: 239 creatures vanquished

Notes
Turn   | Place    | Note
-------+----------+-------------------------------------------
     0 | D:1      | st0uf the Draconian Conjurer began the quest for the Orb.
     0 | D:1      | Reached XP level 1. HP: 14/14 MP: 3/3
   404 | D:1      | Reached XP level 2. HP: 20/20 MP: 0/5
   719 | D:1      | Learned a level 2 spell: Searing Ray
  1193 | D:2      | Reached XP level 3. HP: 24/26 MP: 3/6
  1479 | D:2      | Reached skill level 5 in Conjurations
  1789 | D:2      | Reached XP level 4. HP: 28/33 MP: 2/8
  2427 | D:3      | Reached XP level 5. HP: 38/38 MP: 1/9
  2898 | D:3      | Learned a level 4 spell: Iskenderun's Mystic Blast
  3636 | D:4      | Noticed Robin
  3662 | D:4      | Reached XP level 6. HP: 45/45 MP: 6/11
  3940 | D:4      | Reached skill level 6 in Conjurations
  4377 | D:4      | Found a burning altar of Makhleb.
  4535 | D:4      | Found a large runed door.
  4537 | D:4      | Found a large runed door.
  4620 | D:4      | Found a large runed door.
  4620 | D:4      | Found a large runed door.
  4711 | D:4      | Your scales start taking on a golden yellow colour.
  4711 | D:4      | Reached XP level 7. HP: 50/50 MP: 6/13
  4890 | D:4      | Killed Robin
  4961 | D:4      | Got a fine scythe
  4962 | D:4      | Identified the +5 scythe of Dutwuw {venom, rN+ MR+ Int-4 Dex+2} (You found it on level 4 of the Dungeon)
  5277 | D:4      | Noticed Eustachio
  5504 | D:4      | Killed Eustachio
  5838 | D:4      | Reached skill level 7 in Conjurations
  5907 | D:5      | Entered Level 5 of the Dungeon
  5930 | D:5      | Reached skill level 5 in Spellcasting
  5975 | D:5      | Found a staircase to the Ecumenical Temple.
  6027 | D:5      | Reached XP level 8. HP: 35/58 MP: 9/15
  6037 | Temple   | Entered the Ecumenical Temple
  6157 | Temple   | Became a worshipper of Vehumet
  6389 | D:5      | Reached skill level 1 in Polearms
  6679 | D:6      | Reached skill level 1 in Fighting
  6819 | D:6      | Found a shadowy altar of Dithmenos.
  7140 | D:6      | Reached skill level 5 in Dodging
  7270 | D:6      | Reached * piety under Vehumet
  7270 | D:6      | Offered knowledge of Flame Tongue by Vehumet.
  7299 | D:6      | Learned a level 1 spell: Flame Tongue
  7727 | D:7      | Reached XP level 9. HP: 60/67 MP: 11/17
  7732 | D:7      | Noticed Menkaure
  7771 | D:7      | Killed Menkaure
  7771 | D:7      | Reached skill level 1 in Fire Magic
  7830 | D:7      | Reached skill level 8 in Conjurations
  8115 | D:7      | Found a runed door.
  8154 | D:7      | Noticed Crazy Yiuf
  8158 | D:7      | Killed Crazy Yiuf
  8241 | D:7      | Found a shattered altar of Ashenzari.
  8258 | D:7      | Noticed Pikel
  8270 | D:7      | Offered knowledge of Throw Flame by Vehumet.
  8273 | D:7      | Killed Pikel
  8329 | D:7      | Reached ** piety under Vehumet
  9221 | D:8      | Learned a level 3 spell: Mephitic Cloud
  9233 | D:8      | Found a hazy altar of Hepliaklqana.
  9233 | D:8      | Found a white marble altar of Elyvilon.
  9233 | D:8      | Found a hide-covered altar of Uskayaw.
  9233 | D:8      | Found a shadowy altar of Dithmenos.
  9238 | D:8      | Found a sacrificial altar of Ru.
  9327 | D:8      | Reached XP level 10. HP: 61/77 MP: 9/20
  9372 | D:8      | Offered knowledge of Inner Flame by Vehumet.
 10116 | D:9      | Found Ciud's Antique Weapon Shoppe.
 10147 | D:9      | Found a glowing golden altar of the Shining One.
 10302 | D:9      | Found a glowing silver altar of Zin.
 10307 | D:9      | Found a stormy altar of Qazlal.
 10310 | D:9      | Found a basalt altar of Yredelemnul.
 10387 | D:9      | Found Ziexzis's Antique Weapon Shoppe.
 10412 | D:9      | Found Hin Wiwifa's General Store.
 10441 | D:9      | Bought a scroll of identify for 28 gold pieces
 10441 | D:9      | Bought a scroll of identify for 28 gold pieces
 10482 | D:9      | Found Tudomuuq's Jewellery Boutique.
 10685 | D:9      | Reached *** piety under Vehumet
 10730 | D:10     | Entered Level 10 of the Dungeon
 10798 | D:10     | Noticed Nergalle
 10807 | D:10     | Noticed a hill giant
 10809 | D:10     | Killed Nergalle
 10809 | D:10     | Reached skill level 9 in Conjurations
 10809 | D:10     | Reached skill level 1 in Air Magic
 10813 | D:10     | Slain by a hill giant

Vault maps used:
D:1:      matt_arrival_grand_opening
D:2:      first_bread
D:4:      lemuel_doored_altar, minmay_hollow_rounded_squares, uniq_robin,
          uniq_eustachio
D:6:      nicolae_dithmenos_through_a_glass_darkly
D:7:      nicolae_ashenzari_panopticon, uniq_crazy_yiuf_cottage, uniq_pikel,
          uniq_menkaure
D:8:      minitemple
D:9:      kennysheep_mini, minmay_overflow_temple_star_quad, serial_shops,
          nicolae_shop_overgrown_old_shop, nicolae_shop_trees, shop,
          nicolae_shop_crystal, grunt_pizzeria
D:10:     serial_shops, nicolae_shop_behind_doors, st_stairs_10,
          kennysheep_generic_room_16, uniq_maurice, uniq_nergalle
Temple:   kb_corrupted_temple

Skill      XL: |  1  2  3  4  5  6  7  8  9 10 |
---------------+-------------------------------+-----
Stealth        | 2 3 4 |  4.3
Conjurations   | 5 6 7 8 9 |  9.0
Dodging        | 2 3 5 6 7 |  7.0
Spellcasting   | 3 4 5 7 |  7.5
Polearms       | 2 3 4 |  4.3
Fighting       | 2 3 4 |  4.1
Fire Magic     | 3 |  3.2
Air Magic      | 1 |  1.1
Poison Magic   | |  0.8

Action                   |  1- 3 |  4- 6 |  7- 9 | 10-12 || total
-------------------------+-------+-------+-------+-------++-------
Melee: Unarmed           |     5 |       |       |       ||     5
       Scythe            |       |       |   107 |    65 ||   172
       Tailslap          |       |       |     7 |    10 ||    17
 Cast: Magic Dart        |    49 |   107 |    47 |     4 ||   207
       Searing Ray       |     9 |    27 |    26 |       ||    62
       Iskenderun's Myst |       |     3 |    20 |       ||    23
       Flame Tongue      |       |       |    96 |    23 ||   119
       Mephitic Cloud    |       |       |     2 |    11 ||    13
 Abil: Spit Acid         |       |       |     6 |       ||     6
  Use: Scroll            |       |     2 |     1 |       ||     3
 Stab: Sleeping          |       |       |     2 |     1 ||     3
       Confused          |       |       |       |     2 ||     2
  Eat: Chunk             |     4 |    10 |    18 |     6 ||    38
Armor: Skin              |     7 |    19 |    52 |    20 ||    98
Dodge: Dodged            |     7 |    42 |   192 |    70 ||   311
